 Dungeon Crawl Stone Soup version 0.30.0-20-g3615ddf2f0 (webtiles) character file.

Game seed: 12421834654576339099

75 qw the Chopper (level 4, -3/28 HPs)
             Began as a Gargoyle Fighter on May 28, 2023.
             Slain by a gnoll
             ... wielding a +0 whip
              (5 damage)
             ... on level 3 of the Dungeon.
             The game lasted 00:01:03 (1969 turns).

qw the Chopper (Gargoyle Fighter)                   Turns: 1969, Time: 00:01:03

Health: -3/28      AC: 10    Str: 21    XL:     4   Next: 31%
Magic:  4/4        EV:  9    Int:  9    God:
Gold:   36         SH:  4    Dex:  9    Spells: 3/3 levels left

rFire   . . .        Y - +0 war axe
rCold   . . .        c - +0 buckler
rNeg    + . .        b - +0 scale mail
rPois   inf          (no helmet)
rElec   +            (no cloak)
rCorr   .            (no gloves)
SInv    .            (no boots)
Will    .....        (no amulet) Stlth
                     (no ring)
HPRegen 0.24/turn    (no ring)
MPRegen 0.09/turn

%: no passive effects
@: no status effects
A: sickness immunity, AC +3, negative energy resistance 1, electricity
resistance, torment resistance 1, petrification resistance
a: no special abilities


You were on level 3 of the Dungeon.
You visited 1 branch of the dungeon, and saw 3 of its levels.

You collected 60 gold pieces.
You spent 24 gold pieces at shops.


Innate Abilities, Weirdness & Mutations

You are immune to sickness and miasma.
Your stone body is resilient. (AC +3)
You are immune to poison.
You resist negative energy. (rN+)
You are resistant to electric shocks. (rElec)
You are resistant to unholy torment.
You are immune to petrification.


   Skills:
 - Level 3.2 Fighting
 + Level 4.0 Axes
 - Level 3.2 Armour
 - Level 3.2 Shields


You had 3 spell levels left.
You didn't know any spells.
Your spell library was empty.

Inventory:

Hand Weapons
 e - a +0 club
 Y - a +0 war axe (weapon)
Armour
 b - a +0 scale mail (worn)
 c - a +0 buckler (worn)
Scrolls
 f - 2 scrolls of identify
 h - a scroll of torment {unknown}
Potions
 a - 2 potions of resistance {unknown}
 d - a potion of might
 g - 3 potions of curing
 i - 2 potions of haste {unknown}

Dungeon Overview and Level Annotations

Branches:
Dungeon (3/15)

Altars:

Shops:
D:1 =[??*   D:3 [


Message History

The gnoll splashes around in the water.
You completely miss the gnoll.
The gnoll is almost dead.
You completely miss the gnoll. You slash the gnoll!
The gnoll closely misses you. The gnoll hits you but does no damage.
The gnoll hits you with a +0 flail.
You slash the gnoll!
You kill the gnoll!
You hit the gnoll. You barely miss the gnoll.
The gnoll hits you but does no damage. The gnoll hits you with a +0 flail.
The hobgoblin closely misses you. The goblin hits you but does no damage.
The gnoll closely misses you.
You have reached level 4!
You feel clever.
You hit the gnoll.
You kill the gnoll!
You closely miss the gnoll. You slash the hobgoblin!
You kill the hobgoblin!
You barely miss the goblin. The gnoll hits you with a +0 flail.
You block the goblin's attack. The gnoll hits you but does no damage.
Your Axes skill increases to level 4!
You hit the gnoll.
The gnoll is moderately wounded.
You hit the goblin.
You kill the goblin!
You barely miss the hobgoblin.
The hobgoblin hits you but does no damage.
The gnoll hits you but does no damage. The gnoll barely misses you.
The hobgoblin barely misses you.
You hit the gnoll.
The gnoll is severely wounded.
You barely miss the gnoll. You hit the hobgoblin. You block the gnoll's attack.
The gnoll closely misses you. The kobold closely misses you.
You barely miss the gnoll.
The gnoll is severely wounded.
You completely miss the hobgoblin. You barely miss the hobgoblin.
You closely miss the kobold. You hit the gnoll.
The gnoll hits you with a +0 flail. The gnoll hits you with a +0 whip.
You die...

########%###.......##.#
...........#..##......#
.#######.#.#..####%####
.###### #.#.)....##.....
.......##........#..####
........................
.........[..............
~.~~....~~..~~~~~..~~~.~
~~~...K@g~~~~~~~~~~~~~~~
~~~...ggg~~~~~~~~~~~~~~~
~~~~....~~~~~~~~~~~~~~~~
#####''#################
... #... #... ....


You could see 2 gnolls, 2 hobgoblins and a kobold.

Vanquished Creatures
  2 gnolls (D:3)
  3 worms
  8 bats
  4 endoplasms
  6 goblins
  4 hobgoblins
  2 quokkas
  2 ball pythons (D:2)
  4 frilled lizards
  8 kobolds
  5 rats
48 creatures vanquished.

Notes
Turn   | Place    | Note
-------+----------+-------------------------------------------
     0 | D:1      | qw the Gargoyle Fighter began the quest for the Orb.
     0 | D:1      | Reached XP level 1. HP: 14/14 MP: 1/1
     0 | D:1      | 0 ||| qw: Version: 0.2-a-100-g7972860
     0 | D:1      | 0 ||| qw: Game counter: 239
     0 | D:1      | 0 ||| qw: Always use a shield: true
     0 | D:1      | 0 ||| qw: God list: Okawaru
     0 | D:1      | 0 ||| qw: Allow faded altars: false
     0 | D:1      | 0 ||| qw: Do Orc after D:15 true
     0 | D:1      | 0 ||| qw: Do second Lair branch before Depths: true
     0 | D:1      | 0 ||| qw: Lair rune preference: random
     0 | D:1      | 0 ||| qw: Plans: Normal, Zot:1-4, Slime:5, God:TSO, Crypt,
                  | Tomb, Pan, Hells, Abyss, Win
     0 | D:1      | 0 ||| PLANNING D:1-11
    38 | D:1      | Reached skill level 2 in Axes
    86 | D:1      | Found Etzesoett's Magic Scroll Shop.
    95 | D:1      | 95 ||| SHOPLISTING 2 scrolls of identify (52 gold, have 0).
    95 | D:1      | 95 ||| SHOPLISTING scroll of enchant armour (97 gold, have
                  | 0).
    95 | D:1      | 95 ||| SHOPLISTING scroll of identify (26 gold, have 0).
   237 | D:1      | Found a faded altar of an unknown god.
   277 | D:1      | Found Kistruf's General Store.
   285 | D:1      | 285 ||| SHOPLISTING +0 mace (39 gold, have 19).
   285 | D:1      | 285 ||| SHOPLISTING scroll of teleportation (39 gold, have
                  | 19).
   442 | D:1      | Reached XP level 2. HP: 19/19 MP: 2/2
   444 | D:1      | Found Tynu's Jewellery Boutique.
   446 | D:1      | Found Ziwk's Armour Boutique.
   446 | D:1      | Noticed an animated gold dragon scales
   446 | D:1      | Noticed an animated pearl dragon scales
   452 | D:1      | 452 ||| SHOPLISTING +4 ring of slaying (936 gold, have 26).
   452 | D:1      | 452 ||| SHOPLISTING +6 ring of strength (432 gold, have
                  | 26).
   452 | D:1      | 452 ||| SHOPLISTING ring of positive energy (240 gold, have
                  | 26).
   452 | D:1      | 452 ||| SHOPLISTING ring of see invisible (180 gold, have
                  | 26).
   469 | D:1      | 469 ||| SHOPLISTING +1 chain mail of Tenacity {Dex+2} (269
                  | gold, have 26).
   575 | D:1      | Found Inec's Magic Scroll Boutique.
   583 | D:1      | 583 ||| BUYING scroll of identify (24 gold).
   583 | D:1      | Bought a scroll of identify for 24 gold pieces
   978 | D:2      | Reached skill level 3 in Axes
  1019 | D:2      | Reached XP level 3. HP: 23/23 MP: 3/3
  1068 | D:2      | 1068 ||| Stepping ~*~*~tactically~*~*~ (stealth).
  1070 | D:2      | 1070 ||| Stepping ~*~*~tactically~*~*~ (hiding).
  1081 | D:2      | 1081 ||| Stepping ~*~*~tactically~*~*~ (stealth).
  1303 | D:2      | 1303 ||| READING 2 scrolls labelled TIXKAA CIUDAD.
  1307 | D:2      | 1307 ||| READING scroll labelled FUJYGE MIDDA.
  1308 | D:2      | 1308 ||| DRINKING 2 fizzy green potions.
  1457 | D:3      | 1457 ||| Stepping ~*~*~tactically~*~*~ (stealth).
  1465 | D:3      | HP: 5/23 [kobold/+0 whip (4)]
  1465 | D:3      | HP: 2/23 [goblin/sling bullet (3)]
  1466 | D:3      | 1466 ||| READING scroll of teleportation.
  1607 | D:3      | Found Aleqaa's Armour Boutique.
  1612 | D:3      | 1612 ||| SHOPLISTING +0 chain mail (45 gold, have 36).
  1612 | D:3      | 1612 ||| SHOPLISTING +0 cloak of stealth (115 gold, have
                  | 36).
  1612 | D:3      | 1612 ||| SHOPLISTING +0 kite shield of reflection (85 gold,
                  | have 36).
  1612 | D:3      | 1612 ||| SHOPLISTING +0 leather armour of Gamac {rPois rC+
                  | Dex+3} (265 gold, have 36).
  1612 | D:3      | 1612 ||| SHOPLISTING +0 pair of boots (45 gold, have 36).
  1612 | D:3      | 1612 ||| SHOPLISTING +0 pair of gloves (45 gold, have 36).
  1678 | D:3      | 1678 ||| Stepping ~*~*~tactically~*~*~ (hiding).
  1680 | D:3      | 1680 ||| Stepping ~*~*~tactically~*~*~ (hiding).
  1681 | D:3      | 1681 ||| Stepping ~*~*~tactically~*~*~ (hiding).
  1683 | D:3      | 1683 ||| Stepping ~*~*~tactically~*~*~ (hiding).
  1684 | D:3      | 1684 ||| Stepping ~*~*~tactically~*~*~ (hiding).
  1712 | D:3      | 1712 ||| Stepping ~*~*~tactically~*~*~ (stealth).
  1880 | D:3      | 1880 ||| Stepping ~*~*~tactically~*~*~ (hiding).
  1881 | D:3      | 1881 ||| Stepping ~*~*~tactically~*~*~ (hiding).
  1913 | D:3      | 1913 ||| Stepping ~*~*~tactically~*~*~ (stealth).
  1966 | D:3      | Reached XP level 4. HP: 8/28 MP: 4/4
  1966 | D:3      | HP: 3/28 [gnoll/+0 flail (6)]
  1967 | D:3      | Reached skill level 4 in Axes
  1969 | D:3      | Slain by a gnoll

Levels and vault maps discovered:
D:1:      dpeg_arrival_radiant, layout_loops_ring, basic_ecumenical_altar,
          serial_shops, shop, nicolae_lakefront_shop, nicolae_shop_mannequins,
          shop, nicolae_shop_peninsula
D:2:      layout_rooms
D:3:      minmay_goblin_kobold_castle, layout_loops_cross, serial_shops,
          nicolae_shop_rolling_square, lexackson_kobold_supper

Skill      XL: |  1  2  3  4 |
---------------+-------------+-----
Axes           | 2 3 4 |  4.0
Fighting       | |  3.2
Armour         | |  3.2
Shields        | |  3.2

Action                     |  1- 3 |  4- 6 || total
---------------------------+-------+-------++-------
  Melee: War axe           |   144 |     4 ||   148
    Use: Scroll            |     3 |       ||     3
         Potion            |     1 |       ||     1
 Armour: Scale mail        |    85 |     3 ||    88
  Dodge: Dodged            |    68 |     4 ||    72
  Block: Buckler           |    28 |     2 ||    30

Table legend:
 A = Non-vault XP
 B = Vault XP
 C = Vault XP percentage of total XP
 D = Non-vault monster count
 E = Vault monster count
 F = Vault count percentage of total count
                 A         B        C        D         E       F
            +---------+---------+-------+---------+---------+-------
      Total |      92 |      16 |  14.8 |      37 |      11 |  22.9
            +---------+---------+-------+---------+---------+-------
        D:1 |      11 |       0 |   0.0 |       7 |       0 |   0.0
        D:2 |      35 |       0 |   0.0 |      18 |       0 |   0.0
        D:3 |      46 |      16 |  25.8 |      12 |      11 |  47.8
            +---------+---------+-------+---------+---------+-------
